 Dungeon Crawl Stone Soup version 0.28-a0-8-g6e044cfa68 (webtiles) character file.

Game seed: 18424069223957748638

100 Ninjinzu the Chopper (level 4, -3/34 HPs)
             Began as a Demonspawn Gladiator on July 24, 2021.
             Slain by Crazy Yiuf (20 damage)
             ... on level 3 of the Dungeon.
             The game lasted 00:04:21 (2327 turns).

Ninjinzu the Chopper (Demonspawn Gladiator)         Turns: 2327, Time: 00:04:23

Health: -3/34      AC: 11    Str: 15    XL:     4   Next: 46%
Magic:  4/4        EV:  7    Int: 10    God:
Gold:   16         SH:  0    Dex: 14    Spells: 3/3 levels left

rFire   . . .      SeeInvis +   a - +0 war axe
rCold   + . .      Faith    .   (no shield)
rNeg    . . .      Spirit   .   e - +0 chain mail
rPois   .          Reflect  .   c - +0 helmet
rElec   .          Harm     .   (no cloak)
rCorr   .          Rampage  .   m - +0 pair of gloves
Will    .....                   (no boots)
Stlth   ..........              (no amulet)
HPRegen 0.11/turn               l - ring of protection from cold
MPRegen 0.09/turn               o - ring of see invisible

@: no status effects
A: sharp scales 1
a: no special abilities


You were on level 3 of the Dungeon.
You visited 1 branch of the dungeon, and saw 3 of its levels.

You collected 16 gold pieces.

Inventory:

Hand Weapons
 a - a +0 war axe (weapon)
Missiles
 d - 3 throwing nets (quivered)
Armour
 c - a +0 helmet (worn)
 e - a +0 chain mail (worn)
 m - a +0 pair of gloves (worn)
Jewellery
 l - a ring of protection from cold (left hand)
 o - a ring of see invisible (right hand)
Scrolls
 b - a scroll of enchant armour {unknown}
 f - 5 scrolls of identify {unknown}
 h - a scroll of vulnerability {unknown}
 i - 3 scrolls of fear {unknown}
 j - a scroll of immolation {unknown}
 n - a scroll of noise {unknown}
Potions
 g - 5 potions of curing {unknown}
 k - a potion of berserk rage {unknown}
 p - a potion of flight {unknown}
 q - a potion of might {unknown}


   Skills:
 + Level 2.4 Fighting
 + Level 4.3 Axes
 + Level 1.7 Throwing
 + Level 0.7 Armour
 + Level 2.8 Dodging
 + Level 0.3 Stealth


You had 3 spell levels left.
You didn't know any spells.
Your spell library contained the following spells:

 Spells                   Type           Power      Damage    Failure   Level
 Foxfire                  Conj/Fire      0%         2x1d4     100%        1
 Conjure Flame            Conj/Fire      0%         6-21      100%        3
 Inner Flame              Hex/Fire       0%         N/A       100%        3


Dungeon Overview and Level Annotations

Branches:
Dungeon (3/15)

Altars:

Annotations:
D:3 Crazy Yiuf


Innate Abilities, Weirdness & Mutations

You are partially covered in razor-sharp scales. (AC +1, Slay +1)


Message History

You kill the jackal!
You barely miss the jackal. The jackal closely misses you.
The jackal bites you but does no damage.
Your chain mail prevents you from hitting the jackal.
The jackal barely misses you. x2
You closely miss the jackal.
The jackal bites you but does no damage. x2
You completely miss the jackal.
The jackal bites you but does no damage. x2
You miss the jackal. The jackal closely misses you.
The jackal bites you but does no damage.
You closely miss the jackal. The jackal bites you.
You closely miss the jackal. The jackal closely misses you.
The jackal bites you but does no damage.
You hit the jackal but do no damage.
The jackal bites you but does no damage. x2
You barely miss the jackal. The jackal closely misses you.
The jackal barely misses you.
You slash the jackal!
You kill the jackal!
Things that are here:
a jackal corpse; a jackal corpse; a jackal corpse
q - a golden potion
Things that are here:
a jackal corpse; a jackal corpse; a jackal corpse
Found a mace.
Found a runed translucent door.
Crazy Yiuf shouts!
You open the door. You barely miss Crazy Yiuf.
Crazy Yiuf completely misses you.
You slash Crazy Yiuf!
Crazy Yiuf is moderately wounded.
Crazy Yiuf hits you with a +4 quarterstaff of chaos.
Crazy Yiuf burns you.
You hit Crazy Yiuf.
Crazy Yiuf is heavily wounded.
Crazy Yiuf screams, "Trifle spinner leg!"
Crazy Yiuf hits you with a +4 quarterstaff of chaos!
You are electrocuted!!
Ouch! That really hurt!
You die...

##### #)..#
#...# ... #'#
#g## ##@# #.##
##.# ##.##
##### ##...#
#...# #....#
###.# #....#
#.#
#....#####.###
#....##......#


You could see Crazy Yiuf.

Vanquished Creatures
  5 adders
  2 worms (D:2)
  3 dart slugs (D:1)
  2 ball pythons
  2 bats (D:2)
  4 endoplasms
  3 giant cockroaches
  4 goblins
  7 jackals
  2 frilled lizards
  3 kobolds (D:3)
  4 rats
41 creatures vanquished.

Notes
Turn   | Place    | Note
-------+----------+-------------------------------------------
     0 | D:1      | Ninjinzu the Demonspawn Gladiator began the quest for the
                  | Orb.
     0 | D:1      | Reached XP level 1. HP: 16/16 MP: 1/1
   162 | D:1      | Found a faded altar of an unknown god.
   264 | D:1      | Reached skill level 3 in Axes
   386 | D:1      | Gained mutation: You are partially covered in razor-sharp
                  | scales. (AC +1, Slay +1) [demonic ancestry]
   386 | D:1      | Reached XP level 2. HP: 21/22 MP: 2/2
   946 | D:2      | Reached XP level 3. HP: 24/27 MP: 3/3
  1836 | D:3      | Reached skill level 4 in Axes
  2110 | D:3      | Reached XP level 4. HP: 33/33 MP: 4/4
  2319 | D:3      | Found a runed translucent door.
  2320 | D:3      | Noticed Crazy Yiuf
  2327 | D:3      | Slain by Crazy Yiuf

Illustrated notes

Levels and vault maps discovered:
D:1:      kilobyte_arrival_exit_the_forest, layout_rooms,
          hellmonk_ecumenical_altar_heavens_door
D:2:      layout_basic, bh_walls_and_bars
D:3:      minmay_angry_zag, layout_loops_cross, uniq_crazy_yiuf_cottage

Skill      XL: |  1  2  3 |
---------------+----------+-----
Axes           | 3 4 |  4.3
Fighting       | |  2.4
Throwing       | |  1.7
Armour         | |  0.7
Dodging        | |  2.8
Stealth        | |  0.3

Action                   |  1- 3 |  4- 6 || total
-------------------------+-------+-------++-------
Melee: War axe           |   102 |    42 ||   144
Armor: Chain mail        |    72 |    36 ||   108
       Leather armour    |     1 |       ||     1
Dodge: Dodged            |    41 |    25 ||    66

Table legend: (Time is in decaauts)
 A = Elapsed time spent in this place.
 B = Non-inter-level travel time spent in this place.
 C = Inter-level travel time spent in this place.
 D = Time resting spent in this place.
 E = Time spent auto-exploring this place.
 F = Levels seen in this place.
 G = Mean time per level.
                   A        B        C        D        E       F      G
               +--------+--------+--------+--------+--------+-----+--------+
         Total |   2374 |   2374 |      0 |      0 |   1837 |   3 |  791.3 |
       Dungeon |   2374 |   2374 |      0 |      0 |   1837 |   3 |  791.3 |
               +--------+--------+--------+--------+--------+-----+--------+

Top non-repeatable levels by time:
     D:2: 1112 daAuts
     D:1: 751 daAuts
     D:3: 510 daAuts
